[Event "Team 45 45 League T29"]
[Site "Free Internet Chess Server"]
[Date "2006.01.21"]
[Round "5"]
[White "Fuzion"]
[Black "GadsHill"]
[Result "1/2-1/2"]
[WhiteElo "1678"]
[BlackElo "1659"]
[TimeControl "2700+45"]

1. e4 d6 2. d4 Nf6 3. Nc3 Nbd7 4. Nf3 e5 5. d5 Be7 6. Bb5 a6 7. Ba4 b5 8. Bb3 Bb7 9. Qe2 O-O 10. O-O Nc5 11. Re1 b4 12. Nd1 Nfxe4 13. c4 Nxb3 14. axb3 Nc5 15. Qc2 f5 16. Be3 Ne4 17. Nd2 Nxd2 18. Bxd2 a5 19. Ne3 Qd7 20. Ra4 f4 21. Nf1 Qg4 22. h3 Qh5 23. Rea1 Qe2 24. Nh2 Bh4 25. Ng4 e4 26. Re1 Qd3 27. Qxd3 exd3 28. Rea1 Rfe8 29. Rxa5 Rxa5 30. Rxa5 Re2 31. Bxb4 Rxb2 32. Ra1 Rxb3 33. Bd2 Kf7 34. Bxf4 Bc8 35. Ne3 Bf6 36. Rd1 g5 37. Bg3 Bd4 38. Nf1 Ba6 39. Nd2 Rc3 40. Ne4 Rxc4 41. Nxg5+ Kg6 42. Ne6 Be5 43. f4 Bd4+ 44. Kh2 Ra4 45. Nxc7 Bc4 46. Ne6 Bxd5 47. Nxd4 Rxd4 48. Bf2 Bb3 49. Bxd4 Bxd1 50. Be3 d5 51. g4 Be2 52. Kg3 Kf6 53. h4 h5 54. g5+ Kf5 55. Kf2 Bg4 56. Ke1 Ke4 57. Kd2 Bf5 58. Bf2 Kxf4 59. Be1 Kf3 60. Kd1   {Game drawn by mutual agreement} 1/2-1/2

[Event "Team 45 45 League T29"]
[Site "Free Internet Chess Server"]
[Date "2006.01.23"]
[Round "5"]
[White "Armunn"]
[Black "Ivanuk"]
[Result "1/2-1/2"]
[WhiteElo "1575"]
[BlackElo "1596"]
[TimeControl "2700+45"]

1. c4 e5 2. Nc3 Nf6 3. g3 Bc5 4. Nf3 d6 5. Bg2 O-O 6. O-O Nc6 7. Qc2 Nd4 8. Nxd4 Bxd4 9. e3 Bc5 10. Na4 c6 11. Nxc5 dxc5 12. b3 Bd7 13. Bb2 Re8 14. d4 exd4 15. exd4 cxd4 16. Bxd4 Re6 17. Rad1 Qe7 18. Bxf6 Rxf6 19. Rfe1 Re6 20. Qd2 Re8 21. Rxe6 Bxe6 22. Re1 Rd8 23. Qe3 Qa3 24. Qe2 Kf8 25. Be4 g6 26. Bb1 Qa5 27. Rd1 Ke7 28. Rxd8 Qxd8 29. Kg2 Ke8 30. a4 Qe7 31. Qe3 b6 32. Be4 Qd7 33. Qf3 Bh3+ 34. Kg1 Bg4 35. Qf6 Be6 36. Bf3 h5 37. Qe5 Kf8 38. a5 Bh3 39. axb6 Qd3 40. Qh8+ Ke7 41. Qe5+ Kf8 42. Qh8+ Ke7 43. Qe5+ Kf8 44. Qh8+ Ke7   {Game drawn by repetition} 1/2-1/2

[Event "Team 45 45 League T29"]
[Site "Free Internet Chess Server"]
[Date "2006.01.21"]
[Round "5"]
[White "bobstoner"]
[Black "NovoLook"]
[Result "1-0"]
[WhiteElo "1513"]
[BlackElo "1485"]
[TimeControl "2700+45"]

1. d4 d5 2. c4 dxc4 3. Nc3 e6 4. e4 c6 5. Bxc4 Nf6 6. Nge2 Be7 7. O-O O-O 8. Bf4 Re8 9. Qb3 Nbd7 10. Rad1 Qb6 11. d5 e5 12. dxc6 Qxb3 13. Bxb3 exf4 14. cxd7 Nxd7 15. Nxf4 Ne5 16. Nfd5 Bd6 17. Nb5 Rd8 18. Nxd6 Rxd6 19. Ne7+ Kf8 20. Rxd6 Kxe7 21. Rd4 Nc6 22. Rd2 Ne5 23. Rfd1 Bg4 24. f3 Bxf3 25. gxf3 Nxf3+ 26. Kf2 Nxd2 27. Rxd2 Rc8 28. Rc2 Rxc2+ 29. Bxc2 h6 30. Kf3 f6 31. Kf4 g6 32. h4 Kd6 33. b4 b6 34. Bd3 a5 35. a3 axb4 36. axb4 Ke7 37. Bc4 Kf8 38. Be6 Ke7 39. Bg4 h5 40. Be2 Kf7 41. Bc4+ Ke7 42. e5 fxe5+ 43. Kxe5 Kd7 44. Kf6 Kd6 45. Kxg6 Ke5 46. Kxh5 Kf5 47. Bd3+ Kf4 48. Kg6 Ke3 49. Bb1 Kd4 50. h5 Kc3 51. h6 Kxb4 52. h7 Ka5 53. h8=Q b5 54. Qa8+ Kb4 55. Qe4+ Kc5 56. Ba2   {Black resigns} 1-0

[Event "Team 45 45 League T29"]
[Site "Free Internet Chess Server"]
[Date "2006.01.20"]
[Round "5"]
[White "Eshin"]
[Black "MattBinMi"]
[Result "1-0"]
[WhiteElo "1485"]
[BlackElo "1680"]
[TimeControl "2700+45"]

1. e4 d6 2. d4 Nf6 3. Nc3 g6 4. Nf3 Bg7 5. Bc4 O-O 6. Bf4 c6 7. a4 Bg4 8. h3 Bxf3 9. Qxf3 Re8 10. Rd1 Qa5 11. b4 Qxb4 12. Rb1 Qxc4 13. Rxb7 Nbd7 14. Qd3 Qxd3 15. cxd3 Reb8 16. Rc7 Rc8 17. Rb7 e5 18. Be3 a5 19. dxe5 Nxe5 20. Kd2 d5 21. f4 Nxd3 22. Kxd3 dxe4+ 23. Ke2 Rcb8 24. Rhb1 Re8 25. R1b6 Nd5 26. Nxd5 cxd5 27. Rd6 Rac8 28. Rxd5 Rc2+ 29. Kf1 Ra2 30. Rxa5 Rc8 31. Rb1 Rcc2 32. Ra8+ Bf8 33. f5 gxf5 34. Bh6 Rf2+ 35. Ke1 Rae2+ 36. Kd1 Rd2+ 37. Bxd2 Rf1+ 38. Kc2 Rf2 39. Rbb8   {Black resigns} 1-0

[Event "Team 45 45 League T29"]
[Site "Free Internet Chess Server"]
[Date "2006.01.21"]
[Round "5"]
[White "Chessface"]
[Black "kosu"]
[Result "1/2-1/2"]
[WhiteElo "1681"]
[BlackElo "1620"]
[TimeControl "2700+45"]

1. d4 Nf6 2. Nf3 e6 3. e3 d5 4. Bd3 c5 5. b3 Nc6 6. O-O a6 7. c4 Be7 8. Bb2 O-O 9. Nbd2 b6 10. Ne5 Bb7 11. Ndf3 h6 12. Nxc6 Bxc6 13. Ne5 Qc7 14. f4 Ne4 15. Bxe4 dxe4 16. Qg4 cxd4 17. exd4 f5 18. Qg3 Be8 19. Rad1 Rd8 20. Qc3 Bh5 21. Rde1 Rxd4 22. Qh3 Bg4 23. Nxg4 Rd3 24. Qh5 fxg4 25. Qxg4 Bc5+ 26. Kh1 Qd7 27. Rxe4 Rd8 28. h3 Rd1 29. Rxd1 Qxd1+ 30. Qxd1 Rxd1+ 31. Kh2 Kf7 32. Re2 h5 33. Kg3 Bd4 34. Bxd4 Rxd4 35. Kf3 Rd3+ 36. Ke4 Rd1 37. f5 exf5+ 38. Kxf5 g6+ 39. Ke5 Rd8 40. Kf4 Kf6 41. g4 hxg4 42. hxg4 Rd4+ 43. Kf3 Kg5 44. Re6 Rf4+ 45. Ke3 Rxg4 46. Rxb6 Kf5 47. Rxa6 g5 48. Ra5+ Kf6 49. c5 Ke7 50. Ra6 Rg2 51. b4 g4 52. b5 Kf7 53. b6 g3 54. Ra7+ Kf6 55. b7 Rb2 56. Kf3 g2 57. b8=Q g1=N+ 58. Ke3 Rxb8 59. c6 Rc8 60. c7 Ke7 61. Rb7 Kd7 62. a4 Kc6 63. Rb1 Nh3 64. a5 Rxc7 65. Rc1+ Kb7 66. a6+ Kb8 67. Rxc7 Kxc7 68. a7   {Game drawn by mutual agreement} 1/2-1/2

[Event "Team 45 45 League T29"]
[Site "Free Internet Chess Server"]
[Date "2006.01.21"]
[Round "5"]
[White "DavetheBravest"]
[Black "Woodchuck"]
[Result "1-0"]
[WhiteElo "1600"]
[BlackElo "1616"]
[TimeControl "2700+45"]

1. Nf3 c5 2. d4 cxd4 3. Nxd4 Nc6 4. e3 e5 5. Nxc6 bxc6 6. Bd3 d5 7. c3 Nf6 8. O-O Bd6 9. f3 O-O 10. Nd2 Qc7 11. e4 Qb6+ 12. Kh1 d4 13. Nc4 Qc7 14. Nxd6 Qxd6 15. c4 c5 16. Qe1 Ba6 17. Qh4 Rfe8 18. Bd2 Re6 19. f4 Nd7 20. f5 Ree8 21. Rf3 f6 22. g4 g5 23. Qh5 Qe7 24. h4 gxh4 25. Rg1 Qf7 26. Qxh4 Kh8 27. Rh3 Rg8 28. b3 Rg7 29. Bh6 Rgg8 30. Be2 Bb7 31. g5 fxg5 32. Bxg5 Rg7 33. f6 Rgg8 34. Bh5 Bxe4+ 35. Qxe4 Nxf6 36. Bxf6+ Qxf6 37. Qxh7+ Kxh7 38. Bf7+ Qh6 39. Bxg8+ Rxg8 40. Rxh6+   {Black resigns} 1-0

[Event "Team 45 45 League T29"]
[Site "Free Internet Chess Server"]
[Date "2006.01.20"]
[Round "5"]
[White "GBate"]
[Black "OldFlyer"]
[Result "0-1"]
[WhiteElo "1542"]
[BlackElo "1540"]
[TimeControl "2700+45"]

1. d4 Nf6 2. c4 d6 3. Nc3 Nbd7 4. e4 e5 5. f3 Be7 6. Be3 O-O 7. Qd2 a6 8. Nge2 Re8 9. Ng3 Nf8 10. Nd5 Nxd5 11. cxd5 exd4 12. Bxd4 Bg5 13. Be3 Bxe3 14. Qxe3 f5 15. Bd3 fxe4 16. fxe4 Ng6 17. O-O Bd7 18. Rae1 c6 19. dxc6 bxc6 20. Qd4 Qc7 21. Nf5 Bxf5 22. exf5 Ne5 23. Bc2 Rad8 24. Re3 Rf8 25. Qe4 Rde8 26. Rc3 Qb6+ 27. Kh1 Qxb2 28. Rg3 Kh8 29. Rxg7 Ng6 30. Rxh7+ Kxh7 31. fxg6+ Kg7 32. Qd3 Rxf1+ 33. Qxf1 Rf8 34. Qd1 Qf6 35. h3 Qf1+ 36. Qxf1 Rxf1+ 37. Kh2 Rf2 38. Bb3 Rd2 39. Kg3 Kxg6 40. Kf3 d5 41. g3 c5 42. Ke3 Rd4 43. h4 Re4+ 44. Kf3 c4 45. Bxc4 Rxc4   {White resigns} 0-1

[Event "Team 45 45 League T29"]
[Site "Free Internet Chess Server"]
[Date "2006.01.23"]
[Round "5"]
[White "BigMarauder"]
[Black "Superselector"]
[Result "0-1"]
[WhiteElo "1784"]
[BlackElo "2037"]
[TimeControl "2700+45"]

1. e4 e5 2. Nf3 Nc6 3. d4 exd4 4. Nxd4 Bc5 5. Be3 Qf6 6. c3 Nge7 7. g3 d6 8. Bg2 Ne5 9. Nd2 O-O 10. Nc2 Nd3+ 11. Kf1 Bxe3   {White resigns} 0-1

[Event "Team 45 45 League T29"]
[Site "Free Internet Chess Server"]
[Date "2006.01.22"]
[Round "5"]
[White "bahus"]
[Black "xboard"]
[Result "1-0"]
[WhiteElo "1782"]
[BlackElo "1703"]
[TimeControl "2700+45"]

1. e4 c5 2. d4 cxd4 3. c3 dxc3 4. Nxc3 d6 5. Nf3 a6 6. Bc4 e6 7. Qe2 b5 8. Bb3 Nf6 9. O-O Be7 10. Rd1 b4 11. Na4 Nbd7 12. e5 dxe5 13. Nxe5 Qc7 14. Nxf7 Kxf7 15. Qxe6+ Ke8 16. Re1 Nf8 17. Qf7+ Kd8 18. Bf4 Bd6 19. Bxd6 Qxf7 20. Bxf7 a5 21. Rad1 Bd7 22. Nb6 Ra6 23. Rc1   {Black resigns} 1-0

[Event "Team 45 45 League T29"]
[Site "Free Internet Chess Server"]
[Date "2006.01.20"]
[Round "5"]
[White "Aul"]
[Black "CelticDeath"]
[Result "0-1"]
[WhiteElo "1571"]
[BlackElo "1778"]
[TimeControl "2700+45"]

1. d4 Nf6 2. e3 g6 3. Bd3 Bg7 4. Nd2 d5 5. f4 Bg4 6. Ngf3 e6 7. O-O O-O 8. c4 c6 9. Qb3 Qc7 10. Ne5 Bf5 11. Bxf5 exf5 12. Qd3 Ne4 13. b3 f6 14. Nef3 Nd7 15. Bb2 Qa5 16. a4 Nb8 17. b4 Qd8 18. Ba3 Re8 19. Rac1 a5 20. b5 b6 21. Qb3 Nxd2 22. Nxd2 dxc4 23. Nxc4 Qd5 24. bxc6 Nxc6 25. Qxb6 Rab8 26. Qc5 Qxc5 27. Bxc5 Bf8 28. Bd6 Rb3 29. Nd2 Rd3 30. Bxf8 Kxf8 31. Rxc6 Rxd2 32. Rxf6+ Kg7 33. Ra6 Rxe3 34. Ra7+ Kh6 35. Rc1 Ree2 36. Rxa5 Rxg2+ 37. Kf1 Rxh2 38. Ke1 Rxd4 39. Rc6 Rb4 40. Rc1 Re4+   {White resigns} 0-1

[Event "Team 45 45 League T29"]
[Site "Free Internet Chess Server"]
[Date "2006.01.20"]
[Round "5"]
[White "generalkaia"]
[Black "MattBinMi"]
[Result "0-1"]
[WhiteElo "1667"]
[BlackElo "1667"]
[TimeControl "2700+45"]

1. e4 d6 2. d4 Nf6 3. Nc3 g6 4. f4 Bg7 5. Nf3 O-O 6. Bd3 c5 7. dxc5 dxc5 8. e5 Nfd7 9. O-O Nc6 10. Bc4 Nb6 11. Qe2 Nd4 12. Nxd4 Qxd4+ 13. Be3 Qxc4 14. Qxc4 Nxc4 15. Bxc5 Re8 16. Nd5 Bf5 17. Nxe7+ Kh8 18. Nxf5 gxf5 19. Rfd1 b6 20. Bd4 Rad8 21. Rd3 Rg8 22. Rc3 Rxd4   {White resigns} 0-1

[Event "Team 45 45 League T29"]
[Site "Free Internet Chess Server"]
[Date "2006.01.21"]
[Round "5"]
[White "trener"]
[Black "vandy"]
[Result "1-0"]
[WhiteElo "1854"]
[BlackElo "1879"]
[TimeControl "2700+45"]

1. e4 g6 2. d4 Bg7 3. Nc3 d6 4. Be3 Nf6 5. f3 O-O 6. Qd2 Nbd7 7. O-O-O e5 8. g4 Qe7 9. h4 Ne8 10. h5 exd4 11. Bxd4 Bxd4 12. Qxd4 Qe5 13. hxg6 fxg6 14. Bc4+ Kg7 15. Qe3 Kh8 16. Nh3 Nb6 17. Bb3 Nf6 18. Qh6 Be6 19. Nf4   {Black resigns} 1-0

[Event "Team 45 45 League T29"]
[Site "Free Internet Chess Server"]
[Date "2006.01.20"]
[Round "5"]
[White "JoveUranium"]
[Black "Mekk"]
[Result "1-0"]
[WhiteElo "1928"]
[BlackElo "1781"]
[TimeControl "2700+45"]

1. f4 Nf6 2. Nf3 d5 3. g3 Bg4 4. Bg2 Nbd7 5. c4 e6 6. Nc3 Nb6 7. Ne5 Bf5 8. cxd5 exd5 9. Qb3 Be6 10. d4 Be7 11. O-O O-O 12. f5 Bc8 13. a4 c6 14. a5 Nbd7 15. Nd3 Ne8 16. Bf4 Ndf6 17. Ne5 Nd6 18. a6 b6 19. Nxc6 Qd7 20. Nxd5 Nxd5 21. Qxd5 Nxf5 22. Nxe7+ Nxe7 23. Qxa8 Qxd4+ 24. e3 Qxb2 25. Qxa7 Ng6 26. Bd6 Re8 27. Qxf7+   {Black resigns} 1-0

[Event "Team 45 45 League T29"]
[Site "Free Internet Chess Server"]
[Date "2006.01.24"]
[Round "5"]
[White "mapipichess"]
[Black "Cadger"]
[Result "0-1"]
[WhiteElo "1762"]
[BlackElo "1748"]
[TimeControl "2700+45"]

1. e4 e5 2. f4 d5 3. exd5 e4 4. d3 Nf6 5. c4 Bb4+ 6. Nc3 O-O 7. a3 Bxc3+ 8. bxc3 c6 9. dxc6 Nxc6 10. d4 e3 11. Bd3 Ng4 12. Qc2 h6 13. Nh3 Qh4+ 14. Kf1 Re8 15. Qe2 Bd7 16. Qe1 Qf6 17. Be2 Re7 18. Bf3 Nxd4 19. cxd4 Qxd4 20. Ra2 Qxc4+ 21. Re2 Rd8 22. Bb2 Ba4 23. Bxg4 Rd1 24. Qxd1 Bxd1 25. g3 Bxe2+ 26. Bxe2 Qe4 27. Rg1 Qb1+ 28. Kg2 Qxb2 29. Kf3 f5 30. Rd1 Re8 31. Ng1 Qc2 32. g4 fxg4+ 33. Kxg4 Qc6 34. Nf3 Rf8 35. Bd3 Rxf4+ 36. Kxf4 Qa4+ 37. Bc4+ Qxc4+ 38. Rd4 Qc1 39. Re4 e2+ 40. Kg3 Qxa3 41. Rxe2 b5 42. Kf2 b4 43. Nd2 b3 44. Re3 Qa2 45. Ke2 b2 46. Rb3 Qxb3 47. Nxb3 b1=Q 48. Nd2 Qb8   {White resigns} 0-1

[Event "Team 45 45 League T29"]
[Site "Free Internet Chess Server"]
[Date "2006.01.22"]
[Round "5"]
[White "pollock"]
[Black "szachmatt"]
[Result "1-0"]
[WhiteElo "1773"]
[BlackElo "1644"]
[TimeControl "2700+45"]

1. e4 c5 2. Nf3 Nc6 3. d4 cxd4 4. Nxd4 Nf6 5. Nc3 e5 6. Nb3 Bb4 7. Bd2 d6 8. f3 a6 9. a3 Bxc3 10. Bxc3 b5 11. Qd2 d5 12. Na5 Nxa5 13. Bxa5 Qd7 14. O-O-O d4 15. Qg5 Qe7 16. Bb4 Qe6 17. Qxg7 Rg8 18. Qh6 Bd7 19. f4 a5 20. fxe5 axb4 21. Qxf6 bxa3 22. Qxe6+ Bxe6 23. bxa3 Rxa3 24. Rxd4 Ke7 25. Rb4 Ra2 26. Rxb5 Ra1+ 27. Rb1 Rxb1+ 28. Kxb1 Rg4 29. g3 Rxe4 30. Bd3 Rxe5 31. Bxh7 f5 32. Rf1 Re2 33. h4 Rg2 34. Bxf5 Bxf5 35. Rxf5 Rxg3 36. h5 Rh3 37. Kb2 Ke6 38. Ra5 Kd7 39. c3 Kc6 40. Kb3 Rh4 41. c4 Rh1 42. Rg5 Rb1+ 43. Kc3 Re1 44. h6 Rh1 45. Rg6+ Kc5 46. Kd3 Rh3+ 47. Ke4 Rh5 48. Kf4 Kxc4 49. Kg4 Rh1 50. Kg5 Kd5 51. Kf6 Ke4 52. Kg7 Kf5 53. h7 Ra1 54. h8=Q Ra7+ 55. Kh6   {Black resigns} 1-0

[Event "Team 45 45 League T29"]
[Site "Free Internet Chess Server"]
[Date "2006.01.21"]
[Round "5"]
[White "nitedozer"]
[Black "AlefZero"]
[Result "0-1"]
[WhiteElo "1906"]
[BlackElo "2241"]
[TimeControl "2700+45"]

1. Nf3 Nf6 2. c4 e6 3. g3 b6 4. Bg2 Bb7 5. O-O Be7 6. b3 O-O 7. Bb2 d5 8. cxd5 exd5 9. d4 Nbd7 10. Ne5 Nxe5 11. dxe5 Ne4 12. Nd2 Bc5 13. Nxe4 dxe4 14. Qxd8 Rfxd8 15. Rfd1 a5 16. Bc3 Kf8 17. e3 Ke7 18. Bf1 Bb4 19. Bb2 Bd5 20. Rac1 c6 21. Bc4 Bxc4 22. Rxd8 Rxd8 23. Rxc4 Rd2 24. a3 Bc5 25. Bd4 Bxd4 26. Rxd4 Rxd4 27. exd4 Ke6   {White resigns} 0-1

[Event "Team 45 45 League T29"]
[Site "Free Internet Chess Server"]
[Date "2006.01.22"]
[Round "5"]
[White "Zupa"]
[Black "wester"]
[Result "1-0"]
[WhiteElo "2075"]
[BlackElo "1990"]
[TimeControl "2700+45"]

1. e4 c5 2. Nf3 Nc6 3. d4 cxd4 4. Nxd4 Nf6 5. Nc3 e6 6. Ndb5 Bb4 7. Nd6+ Ke7 8. Nxc8+ Rxc8 9. Bd3 d5 10. exd5 Qxd5 11. O-O Bxc3 12. bxc3 Rhd8 13. Rb1 Rd7 14. Ba3+ Ke8 15. c4 Qg5 16. Rb5 Qh4 17. g3 Qg4 18. Qd2 Nd4 19. Qb4 Kd8 20. Rxb7 Nf3+ 21. Kh1 Rxb7 22. Qxb7 Nd7 23. Be2   {Black resigns} 1-0

[Event "Team 45 45 League T29"]
[Site "Free Internet Chess Server"]
[Date "2006.01.21"]
[Round "5"]
[White "nham"]
[Black "trener"]
[Result "1-0"]
[WhiteElo "1908"]
[BlackElo "1873"]
[TimeControl "2700+45"]

1. e4 g6 2. Nc3 Bg7 3. f4 c5 4. Nf3 Nc6 5. Bc4 e6 6. O-O Nge7 7. Qe1 Nd4 8. Nxd4 cxd4 9. Ne2 d5 10. Bb5+ Bd7 11. Bxd7+ Qxd7 12. f5 gxf5 13. exf5 Nxf5 14. Nf4 O-O-O 15. d3 h5 16. a4 Kb8 17. a5 Rc8 18. Rf2 a6 19. Rb1 Bf8 20. b4 Qb5 21. Nh3 Bd6 22. Ng5 Rc7 23. Nxe6 Re7 24. Rxf5 Rxe6 25. Qf1 Rg6 26. Bf4   {Black forfeits on time} 1-0

[Event "Team 45 45 League T29"]
[Site "Free Internet Chess Server"]
[Date "2006.01.24"]
[Round "5"]
[White "Mekk"]
[Black "klypp"]
[Result "0-1"]
[WhiteElo "1793"]
[BlackElo "1842"]
[TimeControl "2700+45"]

1. e4 c5 2. d4 cxd4 3. c3 d5 4. exd5 Qxd5 5. Qxd4 Qxd4 6. cxd4 Nf6 7. Nf3 Nc6 8. Bb5 Bd7 9. Nc3 e6 10. Bf4 Bb4 11. a3 Ba5 12. O-O-O O-O 13. h3 a6 14. Bd3 Rac8 15. Kb1 b5 16. g4 b4 17. Ne4 Nxe4 18. Bxe4 bxa3 19. bxa3 Ne7 20. Bb7 Rb8 21. Bxb8 Rxb8 22. Ka2 Rxb7 23. Ne5 Ba4 24. Rb1 Rc7 25. Rb8+ Nc8 26. Rhb1 f6 27. Nf3 Bc6 28. Ne1 Bd5+ 29. Ka1 Bc3+ 30. R8b2 Rb7 31. Nd3 Nd6 32. Rc1 Bxd4 33. Kb1 Bxb2 34. Nxb2 Nc4 35. Rc2 Nxa3+   {White resigns} 0-1

[Event "Team 45 45 League T29"]
[Site "Free Internet Chess Server"]
[Date "2006.01.22"]
[Round "5"]
[White "trajanus"]
[Black "tomito"]
[Result "0-1"]
[WhiteElo "2034"]
[BlackElo "1891"]
[TimeControl "2700+45"]

1. e4 e5 2. Nf3 Nc6 3. Bb5 Nf6 4. Nc3 d6 5. O-O Bd7 6. d4 exd4 7. Nxd4 Ne5 8. f4 Ng6 9. e5 dxe5 10. fxe5 Bxb5 11. Ndxb5 Nxe5 12. Qe2 Nd7 13. Bf4 f6 14. Nd5 Bd6 15. Nxd6+ cxd6 16. Qh5+ Kf8 17. Rae1 Rc8 18. c3 Kg8 19. Re3 Qe8 20. Qf5 Rc5 21. c4 Rxc4 22. Rg3 Kf7 23. Ne3 Rc6 24. Qh5+ g6 25. Qh4 Qe6 26. Bg5 h5 27. Bxf6 Nxf6 28. Nd5 Rc1 29. Rxc1 Nxd5 30. Qe4 Kg7 31. Rb3 b6 32. Rd1 Ne7 33. Rc3 Rc8 34. Ra3 d5 35. Qd4 Rc4 36. Qe3 Re4 37. Qc3 Qg4 38. Rf1 Nc6 39. h3 Qh4 40. Rd1 Re2 41. Rf1 Qe4 42. Qg3 Rxb2 43. Re3 Rxg2+ 44. Qxg2 Qxe3+ 45. Kh2 Nd4 46. a4 Ndf3+ 47. Kh1 Nh4 48. Qh2 Qe4+   {White resigns} 0-1

[Event "Team 45 45 League T29"]
[Site "Free Internet Chess Server"]
[Date "2006.01.19"]
[Round "5"]
[White "Enz"]
[Black "zota"]
[Result "0-1"]
[WhiteElo "1860"]
[BlackElo "1912"]
[TimeControl "2700+45"]

1. d4 Nf6 2. e3 g6 3. f4 Bg7 4. Nf3 O-O 5. Bd3 d6 6. O-O Nc6 7. a3 Bg4 8. h3 Bxf3 9. Qxf3 e5 10. fxe5 dxe5 11. Bc4 exd4 12. exd4 Qxd4+   {White resigns} 0-1

[Event "Team 45 45 League T29"]
[Site "Free Internet Chess Server"]
[Date "2006.01.27"]
[Round "5"]
[White "gfsg"]
[Black "Gnam"]
[Result "1-0"]
[WhiteElo "1905"]
[BlackElo "1849"]
[TimeControl "2700+45"]

1. e4 e5 2. Nf3 Nc6 3. Bb5 a6 4. Bxc6 dxc6 5. h3 Bd6 6. O-O Ne7 7. d4 f6 8. dxe5 fxe5 9. Bg5 h6 10. Bh4 g5 11. Bg3 Ng6 12. Nbd2 Be6 13. Nb3 Qd7 14. c4 Bxc4 15. Re1 O-O-O 16. Qc2 Be6 17. Rad1 Qf7 18. Qc3 Nf4 19. Nxe5 Bxe5 20. Qxe5 Rxd1 21. Rxd1 Ne2+ 22. Kh2 Nxg3 23. fxg3 Rf8 24. Nc5 Bxa2 25. Rd7 Qxd7 26. Nxd7 Kxd7 27. Qg7+ Rf7 28. Qxh6 g4 29. b4 gxh3 30. Qd2+ Ke7 31. Qxa2 hxg2 32. Kxg2 Rf6 33. Qc4 Rd6 34. g4 Kf6 35. Kf3 Kg5 36. Qc5+ Kg6 37. Kf4 Rf6+ 38. Kg3 Rd6 39. g5 b6 40. Qf5+ Kg7 41. Kf4 a5 42. bxa5 bxa5 43. Qxa5 Rd7 44. Qc3+ Kh7 45. Qxc6 Rf7+ 46. Kg4 Kg7 47. e5 Rf1 48. Qxc7+ Kg6 49. Qd6+ Kg7 50. Qd7+ Kg8 51. e6 Rg1+ 52. Kf5 Rh1 53. Kg6   {Black resigns} 1-0

[Event "Team 45 45 League T29"]
[Site "Free Internet Chess Server"]
[Date "2006.01.23"]
[Round "5"]
[White "MGoo"]
[Black "RoZa"]
[Result "0-1"]
[WhiteElo "1833"]
[BlackElo "1911"]
[TimeControl "2700+45"]

1. d4 d6 2. c4 e5 3. dxe5 dxe5 4. Qxd8+ Kxd8 5. Nf3 f6 6. e4 Bc5 7. Nbd2 Be6 8. Nb3 Nd7 9. Bd2 c6 10. Rd1 Kc7 11. Ba5+ Bb6 12. Bb4 c5 13. Bc3 Ne7 14. a4 a5 15. Be2 Nc6 16. Nbd2 Nd4 17. b3 Nc2+ 18. Kf1 Rhd8 19. Ne1 Nd4 20. Bxd4 cxd4 21. Nd3 Nc5 22. g3 Bh3+ 23. Kg1 g5 24. f3 h5 25. Nxc5 d3   {White resigns} 0-1

[Event "Team 45 45 League T29"]
[Site "Free Internet Chess Server"]
[Date "2006.01.21"]
[Round "5"]
[White "RussoTuristo"]
[Black "atilano"]
[Result "1-0"]
[WhiteElo "2015"]
[BlackElo "2034"]
[TimeControl "2700+45"]

1. c4 c5 2. Nf3 Nf6 3. Nc3 Nc6 4. d4 cxd4 5. Nxd4 e6 6. g3 Qb6 7. Ndb5 Ne5 8. Bf4 Nfg4 9. e3 a6 10. h3 axb5 11. hxg4 Nxc4 12. Qb3 d5 13. Bxc4 dxc4 14. Qxb5+ Qxb5 15. Nxb5 Bb4+ 16. Ke2 O-O 17. Bd6 Bxd6 18. Nxd6 b5 19. Rhd1 Ba6 20. e4 e5 21. Ke3 Rfd8 22. Rd5 f6 23. a3 Rab8 24. Rc1 b4 25. a4 c3 26. bxc3 b3 27. Rb1 Kf8 28. Nb5 Rdc8 29. Rxb3 Rc4 30. f3 Rxa4 31. g5 Ra5 32. c4 Ra4 33. gxf6 gxf6 34. Kd3 Ke7 35. Kc3 h5 36. Rb1 Rg8 37. Nd6 Bc8 38. Rb8 Be6 39. Rxg8 Bxg8 40. Nf5+ Ke8 41. Rb5 Be6 42. Ng7+ Kd7 43. Nxe6 Kxe6 44. Rb6+ Ke7 45. c5 Ra3+ 46. Rb3 Ra1 47. Kc4 Rg1 48. Kd5 Rxg3 49. Rb7+ Kd8 50. Kd6 Kc8 51. Rh7 Rxf3 52. Rh8+ Kb7 53. c6+ Kb6 54. Rb8+   {Black resigns} 1-0

[Event "Team 45 45 League T29"]
[Site "Free Internet Chess Server"]
[Date "2006.01.21"]
[Round "5"]
[White "Amauta"]
[Black "HotDonut"]
[Result "1/2-1/2"]
[WhiteElo "1913"]
[BlackElo "1936"]
[TimeControl "2700+45"]

1. e4 c6 2. Nf3 d5 3. e5 Bg4 4. h3 Bxf3 5. Qxf3 e6 6. d4 Nd7 7. Bd3 Ne7 8. O-O Qb6 9. c3 c5 10. dxc5 Nxc5 11. Bc2 Rc8 12. Na3 Ng6 13. Qe3 Nd7 14. Qxb6 Nxb6 15. Bxg6 hxg6 16. Nb5 a6 17. Nd4 Nc4 18. Re1 Rh5 19. f4 Bc5 20. Kh2 Bxd4 21. cxd4 Kd7 22. b3 Na5 23. Bd2 Nc6 24. Be3 Rhh8 25. Rac1 Nb4 26. Re2 Rxc1 27. Bxc1 Rc8 28. Ba3 Rc2 29. Rxc2 Nxc2 30. Bf8 Nxd4 31. Bxg7 Ne2 32. g3 d4 33. Bf8 Kc6 34. Kg2 Nc3 35. Kf3 Kd5 36. a3 Ne4 37. Bb4 d3 38. Ke3 d2 39. Bxd2 Nxg3 40. Kd3 Ne4 41. Be3 b5 42. b4 Ng3 43. Bf2 Nf5 44. h4 Kc6 45. Ke4 Kd7 46. Kf3 Ke8 47. Kg4 Ne7 48. h5 Nd5 49. h6 Kf8 50. Kg5 Kg8 51. Bd4 Kh7 52. Bc5 Kg8 53. Bd6 Kh7 54. Bf8 Kg8 55. Bd6 Kh7 56. Bc5 Kg8 57. Bd6 Kh7   {Game drawn by repetition} 1/2-1/2

[Event "Team 45 45 League T29"]
[Site "Free Internet Chess Server"]
[Date "2006.01.23"]
[Round "5"]
[White "Nemisis"]
[Black "hugozver"]
[Result "1-0"]
[WhiteElo "1936"]
[BlackElo "1869"]
[TimeControl "2700+45"]

1. d4 d5 2. c4 e6 3. cxd5 exd5 4. Nc3 c6 5. Nf3 Nf6 6. Bg5 Be7 7. e3 Bg4 8. Qb3 Qb6 9. Qc2 Nbd7 10. Bd3 h6 11. Bf4 Bxf3 12. gxf3 Nh5 13. Bg3 Nxg3 14. hxg3 a6 15. a3 Qa5 16. Ke2 Bf6 17. b4 Qd8 18. Rac1 Nb6 19. Na4 Nxa4 20. Qxa4 Rc8 21. Qb3 Qe7 22. Kf1 Qd6 23. Rh5 Rd8 24. Kg2 g6 25. Rhh1 Bg7 26. Qc3 Bf8 27. f4 Bg7 28. Qc5 Bf8 29. Qb6 Qe7 30. Rc3 Bg7 31. Rhc1 O-O 32. a4 Rd6 33. Qc5 Qd7 34. b5 axb5 35. axb5 cxb5 36. Bxb5 Qd8 37. Be2 Bf6 38. Bf3 Be7 39. Qb5 Rd7 40. Rc8   {Black resigns} 1-0

[Event "Team 45 45 League T29"]
[Site "Free Internet Chess Server"]
[Date "2006.01.19"]
[Round "5"]
[White "RomaLavrn"]
[Black "LLIAMAH"]
[Result "1-0"]
[WhiteElo "1906"]
[BlackElo "1736"]
[TimeControl "2700+45"]

1. Nf3 Nf6 2. c4 c5 3. g3 b6 4. Bg2 Bb7 5. O-O e6 6. Nc3 d5 7. cxd5 Nxd5 8. Re1 Be7 9. e4 Nb4 10. d4 O-O 11. d5 exd5 12. exd5 Bf6 13. Ne5 Nd7 14. Nc6 Qc8 15. Ne7+ Bxe7 16. Rxe7 Qd8 17. Re1 c4 18. Re4 Nf6 19. Rxc4 Nbxd5 20. Nxd5 Nxd5 21. Rd4 Re8 22. Bxd5 Bxd5 23. Rxd5 Re1+ 24. Qxe1 Qxd5 25. Be3 Re8 26. b3 a5 27. Rd1 Qc6 28. Rc1 Qd6 29. Qd1 Qe6 30. Qd4 a4 31. Qxa4 h6 32. Qc6 Qxc6 33. Rxc6 Rd8 34. Rxb6 Rd1+ 35. Kg2 Ra1 36. a4 Kf8 37. Rb7 Ke8 38. Bb6 Rb1 39. Bc5 Kd8 40. b4 Kc8 41. Rxf7   {Black resigns} 1-0

[Event "Team 45 45 League T29"]
[Site "Free Internet Chess Server"]
[Date "2006.01.23"]
[Round "5"]
[White "BIRDSMAN"]
[Black "jjgsmm"]
[Result "0-1"]
[WhiteElo "1617"]
[BlackElo "1657"]
[TimeControl "2700+45"]

1. e4 c5 2. Nf3 e6 3. d4 cxd4 4. Nxd4 Nf6 5. Nc3 Bb4 6. f3 Bxc3+ 7. bxc3 a6 8. Bg5 d6 9. Qd2 Nbd7 10. Be2 Qc7 11. O-O O-O 12. Rad1 b5 13. Nb3 Ne8 14. Be7 Bb7 15. Bxf8 Nxf8 16. Qd4 Rc8 17. Kh1 Qxc3 18. Qxc3 Rxc3 19. Na5 Rxc2 20. Nxb7 Rxe2 21. Nxd6 Nxd6 22. Rxd6 Rxa2 23. Rd8 g6 24. Ra8 Kg7 25. h3 Nd7 26. Rb1 Nb6 27. Rb8 Nd7 28. Ra8 Nb6 29. Ra7 Nc8 30. Rc7 Nb6 31. Rcc1 Nc4 32. Ra1 Rxa1 33. Rxa1 a5 34. Kg1 Kf6 35. Kf2 Ke5 36. Ke2 Kd4 37. Rd1+ Kc5 38. Kd3 Nb2+   {White resigns} 0-1